 Dungeon Crawl Stone Soup version 0.29.1-14-g9c671dbff4 (webtiles) character file.

Game seed: 13107135674239509634

196 cdecastro the Chopper (level 5, 0/45 HPs)
             Began as a Hill Orc Fighter on Feb 13, 2023.
             Frozen to death by an endoplasm (5 damage)
             ... on level 4 of the Dungeon.
             The game lasted 00:02:59 (3337 turns).

cdecastro the Chopper (Hill Orc Fighter)            Turns: 3337, Time: 00:03:00

Health: 0/45       AC: 11    Str: 21    XL:     5   Next: 74%
Magic:  5/5        EV:  9    Int:  8    God:
Gold:   170        SH:  0    Dex: 10    Spells: 4/4 levels left

rFire   . . .      SeeInvis .   a - +0 war axe
rCold   . . .      Faith    .   (no shield)
rNeg    . . .      Spirit   .   b - +0 scale mail
rPois   .          Reflect  .   p - +0 helmet
rElec   .          Harm     .   n - +1 cloak
rCorr   .          Rampage  .   i - +0 pair of gloves
Will    .....                   (no boots)
Stlth   ..........              (no amulet)
HPRegen 0.15/turn               (no ring)
MPRegen 0.09/turn               (no ring)

@: no status effects
A: no striking features
a: no special abilities


You were on level 4 of the Dungeon.
You visited 1 branch of the dungeon, and saw 4 of its levels.

You collected 170 gold pieces.

Inventory:

Hand Weapons
 a - a +0 war axe (weapon)
Missiles
 j - 14 poisoned darts (quivered)
Armour
 b - a +0 scale mail (worn)
 c - a +0 buckler
 i - a +0 pair of gloves (worn)
 n - a +1 cloak (worn)
 p - a +0 helmet (worn)
Wands
 q - a wand of polymorph (9)
Scrolls
 e - 2 scrolls of enchant armour {unknown}
 f - 2 scrolls of identify {unknown}
 g - 2 scrolls of butterflies {unknown}
 l - a scroll of fear {unknown}
 m - a scroll of teleportation {unknown}
 o - a scroll of blinking {unknown}
 t - a scroll of poison {unknown}
 u - 3 scrolls of enchant weapon {unknown}
 w - a scroll of immolation {unknown}
Potions
 d - a potion of might
 h - a potion of attraction {unknown}
 k - a potion of resistance {unknown}
 r - 3 potions of heal wounds {unknown}
 s - a potion of degeneration {unknown}
 v - a potion of curing


   Skills:
 - Level 3.6 Fighting
 + Level 7.6 Axes
 - Level 3.2 Armour
 - Level 3.2 Shields


You had 4 spell levels left.
You didn't know any spells.
Your spell library contained the following spells:

 Spells                   Type           Power      Damage    Failure   Level
 Magic Dart               Conj           0%         1d3       75%         1
 Searing Ray              Conj           0%         2d4       87%         2
 Fulminant Prism          Conj/Hex       0%         3d6       100%        4


Dungeon Overview and Level Annotations

Branches:
Dungeon (4/15)
 Temple: D:4-7

Altars:
Kikubaaqudgha

Shops:
D:2 :


Message History

Search for what [Enter for "."]? .
There is a stone staircase leading down here.
Search for what [Enter for "."]? .
You climb downwards.
You hear the sound of rushing water.
There is an entrance to a sewer on this level.
Hurry and find it before the portal rusts away!
The endoplasm quivers.
Found 15 gold pieces.
Found a stone staircase leading up.
There is a stone staircase leading up here.
An ogre comes into view. It is wielding a +0 giant club.
The ogre shouts!
Found a stone staircase leading down.
The endoplasm freezes you.
You are frozen.
You hit the endoplasm but do no damage. The endoplasm freezes you.
You are frozen.
The endoplasm hits you but does no damage.
Unknown command.
The endoplasm hits you but does no damage.
Unknown command.
The endoplasm freezes you.
You are frozen.
The endoplasm attacks as you move away!
The endoplasm hits you but does no damage.
The ogre hits you with a +0 giant club!!
Ouch! That really hurt!
* * * LOW HITPOINT WARNING * * *
The endoplasm attacks as you move away!
The endoplasm hits you but does no damage.
The endoplasm freezes you.
You are frozen.
* * * LOW HITPOINT WARNING * * *
A ball python comes into view.
The ball python hisses angrily.
There is a stone staircase leading up here.
The ogre closely misses you. The endoplasm freezes you.
You are frozen.
You die...

# ############
#.#..........#
#>.........#$#####
#..<.....^........
#.#......#J#...#..
#...#..O@# #.#
##...........#
....#.....####
.....#.......
#.........#...#
#......S...##..#
..........# #.#
#....... .#


You could see an ogre, an endoplasm and a ball python.

Vanquished Creatures
  Natasha (thrice) (D:3)
  Robin (D:2)
  4 adders
  2 worms
  A dart slug (D:3)
  4 orcs (D:3)
  8 ball pythons
  6 endoplasms
  2 giant cockroaches
  9 goblins
  5 hobgoblins
  2 kobolds (D:3)
  2 quokkas
  3 bats
  7 frilled lizards
  5 rats
64 creatures vanquished.

Notes
Turn   | Place    | Note
-------+----------+-------------------------------------------
     0 | D:1      | cdecastro the Hill Orc Fighter began the quest for the Orb.
     0 | D:1      | Reached XP level 1. HP: 19/19 MP: 1/1
    98 | D:1      | Reached skill level 3 in Axes
   284 | D:1      | Reached XP level 2. HP: 15/26 MP: 2/2
   577 | D:1      | Reached skill level 4 in Axes
  1273 | D:2      | Reached XP level 3. HP: 31/31 MP: 3/3
  1445 | D:2      | Reached skill level 5 in Axes
  1767 | D:2      | Found Seaggayt's Book Boutique.
  1790 | D:2      | Noticed Robin
  1796 | D:2      | Killed Robin
  1797 | D:2      | Reached XP level 4. HP: 38/39 MP: 4/4
  2198 | D:3      | Reached skill level 6 in Axes
  2465 | D:3      | Noticed Natasha
  2480 | D:3      | Killed Natasha
  2516 | D:3      | Reached XP level 5. HP: 18/45 MP: 5/5
  2751 | D:3      | Noticed Natasha
  2754 | D:3      | Found an ancient bone altar of Kikubaaqudgha.
  2758 | D:3      | Killed Natasha
  2759 | D:3      | Reached skill level 7 in Axes
  2948 | D:3      | Noticed Natasha
  2953 | D:3      | Killed Natasha
  3325 | D:4      | Noticed an ogre
  3337 | D:4      | Frozen to death by an endoplasm

Illustrated notes

Levels and vault maps discovered:
D:1:      minmay_arrival_four_houses, layout_loops_cross
D:2:      layout_basic, serial_shops, nicolae_shop_behind_doors,
          kennysheep_cluttered_room, uniq_robin
D:3:      layout_loops_ring, mainiacjoe_overflow_alcove_1, uniq_natasha
D:4:      layout_basic, portal_sewer_entry_e, uniq_menkaure

Skill      XL: |  1  2  3  4  5 |
---------------+----------------+-----
Axes           | 3 4 5 6 7 |  7.6
Fighting       | |  3.6
Armour         | |  3.2
Shields        | |  3.2

Action                   |  1- 3 |  4- 6 || total
-------------------------+-------+-------++-------
Melee: War axe           |    81 |    91 ||   172
       Punch             |       |     1 ||     1
Armor: Scale mail        |    37 |    40 ||    77
Dodge: Dodged            |    48 |    28 ||    76
